 Dungeon Crawl Stone Soup version 0.30-a0-630-g881e3bac89 (webtiles) character file.

Game seed: 7117617032395393716

17746 Bnni the Skirmisher (level 12, -5/94 HPs)
             Began as a Formicid Hexslinger on Jan 13, 2023.
             Was an Elder of Dithmenos.
             Hit by a javelin thrown by Urug (22 damage)
             ... on level 12 of the Dungeon.
             The game lasted 00:31:59 (13760 turns).

Bnni the Skirmisher (Formicid Hexslinger)          Turns: 13760, Time: 00:32:00

Health: -5/94      AC: 10    Str: 15    XL:     12   Next: 86%
Magic:  0/19       EV: 13    Int: 14    God:    Dithmenos [****..]
Gold:   1838       SH:  0    Dex: 18    Spells: 0/21 levels left

rFire   + . .      SeeInvis +    a - +0 arbalest
rCold   . . .      Faith    .    (no shield)
rNeg    + . .      Spirit   +    x - +2 leather armour {rF+}
rPois   .          Reflect  .    (helmet unavailable)
rElec   .          Harm     .    y - +1 cloak
rCorr   .          Rampage  .    o - +1 pair of gloves
Will    +....                    (no boots)
Stlth   ++                       K - amulet of guardian spirit
HPRegen 0.35/turn                t - ring of positive energy
MPRegen 0.16/turn                F - ring of wizardry

@: wreathed by umbra
A: permanent stasis, dig shafts and tunnels, antennae 3, four strong arms
a: Dig, Shaft Self, Renounce Religion, Shadow Step


You were on level 12 of the Dungeon.
You worshipped Dithmenos.
Dithmenos was greatly pleased with you.
You visited 2 branches of the dungeon, and saw 13 of its levels.
You also visited: Bailey.

You collected 1838 gold pieces.

Inventory:

Hand Weapons
 a - a +0 arbalest (weapon)
Missiles
 j - 12 poisoned darts
 I - 2 throwing nets
Armour
 o - a +1 pair of gloves (worn)
 x - a +2 leather armour of fire resistance (worn)
 y - a +1 cloak (worn)
 J - a +0 kite shield
Jewellery
 t - a ring of positive energy (left hand)
 C - a ring of fire
 F - a ring of wizardry (right hand)
 K - an amulet of guardian spirit (around neck)
Wands
 m - a wand of flame (39)
 w - a wand of charming (9)
 E - a wand of polymorph (9)
 H - a wand of mindburst (23)
Scrolls
 b - 4 scrolls of poison
 e - 3 scrolls of blinking {unknown}
 f - 3 scrolls of noise {unknown}
 k - a scroll of butterflies {unknown}
 l - 2 scrolls of brand weapon {unknown}
 n - a scroll of torment {unknown}
 p - 2 scrolls of immolation {unknown}
 u - 2 scrolls of enchant armour {unknown}
 v - 6 scrolls of fog
 z - 2 scrolls of amnesia {unknown}
 B - 2 scrolls of enchant weapon
 D - 6 scrolls of fear
 L - a scroll of magic mapping
Potions
 c - a potion of cancellation {unknown}
 d - 4 potions of resistance
 g - 3 potions of heal wounds
 h - 2 potions of flight {unknown}
 i - 5 potions of invisibility
 q - 2 potions of curing
 r - 3 potions of attraction {unknown}
 s - 4 potions of brilliance {unknown}
 A - 3 potions of mutation {unknown}
 G - a potion of ambrosia {unknown}


   Skills:
 + Level 8.7 Fighting
 * Level 11.6 Ranged Weapons
 - Level 5.0 Armour
 - Level 4.0 Dodging
 + Level 5.2 Shields
 - Level 5.0 Spellcasting
 - Level 11.1 Hexes
 - Level 3.0 Summonings
 - Level 3.0 Translocations
 - Level 3.0 Fire Magic
 + Level 6.5 Invocations


You couldn't memorise any spells.
You knew the following spells:

 Your Spells              Type           Power      Damage    Failure   Level
a - Slow                  Hex            100%       N/A       1%          1
b - Inner Flame           Hex/Fire       23%        N/A       1%          3
c - Portal Projectile     Hex/Tloc       46%        N/A       1%          3
d - Cause Fear            Hex            17%        N/A       1%          4
g - Summon Guardian Gole  Hex/Summ       23%        N/A       1%          3
m - Summon Mana Viper     Hex/Summ       23%        N/A       13%         5
w - Wereblood             Tmut           3%         N/A       12%         2

Your spell library contained the following spells:

 Spells                   Type           Power      Damage    Failure   Level
 Ensorcelled Hibernation  Hex/Ice        38%        N/A       1%          2
 Summon Small Mammal      Summ           44%        N/A       2%          1
 Call Canine Familiar     Summ           11%        N/A       8%          3
 Anguish                  Hex/Necr       9%         N/A       9%          4
 Sublimation of Blood     Necr           3%         N/A       12%         2
 Spider Form              Tmut/Pois      3%         N/A       24%         3
 Summon Ice Beast         Ice/Summ       7%         N/A       38%         4
 Monstrous Menagerie      Summ           5%         N/A       100%        7
 Summon Hydra             Summ           5%         N/A       100%        7


Dungeon Overview and Level Annotations

Branches:
Dungeon (12/15)            Temple (1/1) D:6            Lair (0/5) D:8
    Orc (0/2) D:9          Bailey (visited)

Altars:
Ashenzari
Cheibriados
Dithmenos
Elyvilon
Fedhas
Gozag
Hepliaklqana
Kikubaaqudgha
Makhleb
Nemelex Xobeh
Okawaru
Qazlal
Ru
Sif Muna
Trog
Uskayaw
Vehumet
Wu Jian
Xom
Yredelemnul
Zin
The Shining One

Annotations:
D:12 Urug


Innate Abilities, Weirdness & Mutations

You cannot be hasted, slowed, berserked, paralysed or teleported.
You can dig through walls and to a lower floor.
You have a pair of large antennae on your head. (SInv)
Your four strong arms can wield two-handed weapons with a shield.


Message History

The centaur is lightly wounded.
The centaur shoots an arrow.
The arrow closely misses you.
The centaur shoots an arrow.
The arrow barely misses you.
The centaur shoots an arrow.
The arrow hits you.
The centaur shoots an arrow.
The arrow hits you!
You shoot a bolt. The bolt hits the centaur.
The centaur is moderately wounded.
Your shadow shoots a bolt.
The bolt hits the centaur.
The centaur unwields a +0 shortbow.
The centaur hits you. The centaur closely misses you.
Urug the Orcish Ballista comes into view.
She is wielding a +1 halberd.
You shoot a bolt. The bolt hits the centaur.
The centaur is lightly wounded.
Urug throws a javelin.
The javelin pierces through you!!
The centaur shoots an arrow.
The arrow closely misses you. The centaur misses you.
The centaur kicks you but does no damage.
You shoot a bolt. The bolt hits the centaur!!
You kill the centaur!
Dithmenos accepts your kill.
The centaur shoots an arrow.
The arrow barely misses you.
Urug hits you from afar with a +1 halberd.
The centaur shoots an arrow.
The arrow hits you.
You are too injured to fight recklessly!
Casting: Portal Projectile (safe; 1% risk of failure)
Confirm with . or Enter, or press ? or * to list all spells.
A mana viper appears with a sibilant hiss.
The centaur shoots an arrow.
The arrow closely misses you.
Urug hits you from afar with a +1 halberd!!
The centaur shoots an arrow.
The arrow hits you.
* * * LOW HITPOINT WARNING * * *
Casting: Summon Mana Viper (dangerous; 13% risk of failure)
Confirm with . or Enter, or press ? or * to list all spells.
A guardian golem appears, shielding your allies.
Urug hits you from afar with a +1 halberd!
* * * LOW HITPOINT WARNING * * *
You swap places.
Your mana viper barely misses Urug.
Urug throws a javelin.
The javelin pierces through your mana viper!!
The javelin pierces through you!!
You die...

#### .....
..... ......
......########
......o...<..#
.....{#S9....#
..... #@.....#
#### #......#
#......#
#......#
######+#


You could see Urug (ally target), a friendly mana viper (summoned, sheltered)
and a friendly guardian golem (summoned).

Vanquished Creatures
  A vault guard (Bailey)
  A two-headed ogre (D:8)
  A boulder beetle (D:6)
  2 cyclopes
  A nameless horror (D:8)
  2 unseen horrors (D:6)
  A troll (D:10)
  4 dream sheep (D:8)
  2 shadows (D:8)
  A vampire (D:11)
  14 yaks
  Eustachio (D:4)
  A wraith (D:11)
  2 wyverns (D:9)
  4 humans (Bailey)
  3 steam dragons
  A vampire mosquito (D:11)
  A warg (D:8)
  A water moccasin (D:6)
  An acid dragon (D:10)
  2 ice beasts (D:6)
  4 sky beasts
  4 orc warriors
  2 black bears
  4 ogres
  7 centaurs
  2 phantoms
  7 bullfrogs
  A gnoll sergeant (D:10)
  2 necrophages
  3 scorpions
  2 wights (D:8)
  4 electric eels (D:11)
  8 orc priests
  9 hounds
  A jelly (D:6)
  An iguana (D:5)
  13 orc wizards
  6 adders
  8 gnolls
  2 shadow imps
  3 white imps
  2 worms (D:2)
  5 dart slugs
  53 orcs
  8 endoplasms
  3 giant cockroaches (D:1)
  5 goblins
  10 hobgoblins
  2 jackals (D:1)
  2 quokkas (D:1)
  2 ball pythons
  6 bats
  3 frilled lizards
  4 kobolds
  4 rats
249 creatures vanquished.

Vanquished Creatures (collateral kills)
  A vault guard (Bailey)
  2 two-headed ogres
  Prince Ribbit (Bailey)
  2 water elementals (D:11)
  3 humans (Bailey)
  3 vampire mosquitoes (D:11)
  A warg (D:8)
  An ogre (D:7)
  A gnoll sergeant (D:10)
  An electric eel (D:11)
  A howler monkey (D:8)
  An orc wizard (D:8)
  3 gnolls (D:10)
  An orc (Bailey)
22 creatures vanquished.

Vanquished Creatures (others)
  A manticore (D:11)
  A troll (D:10)
  A dream sheep (D:8)
  4 yaks
  A warg (D:8)
  A sky beast (D:7)
  A wight (D:8)
  A jelly (D:8)
  A hound (D:5)
  An orc wizard (D:8)
  A gnoll (Bailey)
  A goblin (Bailey)
  18 plants (D:11)
33 creatures vanquished.

Grand Total: 304 creatures vanquished

Notes
Turn   | Place    | Note
-------+----------+-------------------------------------------
     0 | D:1      | Bnni the Formicid Hexslinger began the quest for the Orb.
     0 | D:1      | Reached XP level 1. HP: 15/15 MP: 2/2
    98 | D:1      | Reached XP level 2. HP: 21/21 MP: 3/3
   313 | D:1      | Reached skill level 1 in Fire Magic
   436 | D:1      | Reached XP level 3. HP: 25/26 MP: 4/4
   963 | D:1      | Learned a level 3 spell: Inner Flame
  1475 | D:2      | Reached XP level 4. HP: 33/33 MP: 6/6
  2306 | D:3      | Found a glowing silver altar of Zin.
  2355 | D:3      | Reached XP level 5. HP: 17/38 MP: 4/7
  2635 | D:3      | Found a sacrificial altar of Ru.
  2636 | D:3      | Found a basalt altar of Yredelemnul.
  2640 | D:3      | Found a blossoming altar of Fedhas.
  2902 | D:4      | Found a burning altar of Makhleb.
  3049 | D:4      | Learned a level 4 spell: Cause Fear
  3069 | D:4      | Reached XP level 6. HP: 40/46 MP: 6/9
  3127 | D:4      | Noticed Eustachio
  3150 | D:4      | Killed Eustachio
  3151 | D:4      | Reached skill level 5 in Hexes
  3151 | D:4      | Reached XP level 7. HP: 38/51 MP: 8/10
  3574 | D:5      | Entered Level 5 of the Dungeon
  3598 | D:5      | Reached skill level 1 in Armour
  3754 | D:5      | Reached skill level 1 in Summonings
  3958 | D:5      | Learned a level 3 spell: Summon Guardian Golem
  4266 | D:5      | Reached XP level 8. HP: 23/58 MP: 2/12
  5199 | D:5      | Reached skill level 5 in Ranged Weapons
  5428 | D:6      | Noticed a yak
  5434 | D:6      | Noticed a yak
  5437 | D:6      | Noticed a yak
  5443 | D:6      | Killed a yak
  5444 | D:6      | Killed a yak
  5445 | D:6      | Killed a yak
  5446 | D:6      | Reached XP level 9. HP: 65/65 MP: 1/14
  5454 | D:6      | Learned a level 3 spell: Portal Projectile
  5689 | D:6      | Found a staircase to the Ecumenical Temple.
  5702 | Temple   | Entered the Ecumenical Temple
  5948 | D:6      | Identified a scroll of acquirement
  6213 | D:6      | Noticed an unseen horror
  6214 | D:6      | Noticed an unseen horror
  6233 | D:6      | Killed an unseen horror
  6234 | D:6      | Reached skill level 1 in Translocations
  6328 | D:6      | Noticed a boulder beetle
  6358 | D:6      | Killed a boulder beetle
  6359 | D:6      | Reached skill level 5 in Fighting
  6359 | D:6      | Reached XP level 10. HP: 37/74 MP: 14/16
  6481 | D:6      | Killed an unseen horror
  6992 | D:7      | Reached skill level 5 in Spellcasting
  7319 | D:7      | Found an opulent altar of Gozag.
  7319 | D:7      | Found an iron altar of Okawaru.
  7327 | D:7      | Found a shadowy altar of Dithmenos.
  7329 | D:7      | Found a broken altar of Ashenzari.
  7337 | D:7      | Found a faded altar of an unknown god.
  7340 | D:7      | Became a worshipper of Dithmenos the Shadowed
  7403 | D:7      | Learned a level 5 spell: Summon Mana Viper
  7414 | D:7      | Found an ornate altar of the Wu Jian Council.
  7748 | D:7      | Acquired 870 gold pieces
  7832 | D:8      | Noticed a cyclops
  7837 | D:8      | Killed a cyclops
  7838 | D:8      | Reached skill level 5 in Armour
  7931 | D:8      | Found a snail-covered altar of Cheibriados.
  7971 | D:8      | Reached skill level 10 in Hexes
  7971 | D:8      | Reached XP level 11. HP: 81/81 MP: 15/18
  7999 | D:8      | Reached skill level 1 in Invocations
  8037 | D:8      | Found the +5 robe of Night {Dark Will+ SInv}
  8117 | D:8      | Reached * piety under Dithmenos
  8286 | D:8      | Found a staircase to the Lair.
  8353 | D:8      | Found a sparkling altar of Nemelex Xobeh.
  8571 | D:8      | Noticed a nameless horror
  8590 | D:8      | Killed a nameless horror
  9644 | D:8      | Reached ** piety under Dithmenos
  9956 | D:9      | Noticed a two-headed ogre
 10161 | D:8      | Killed a two-headed ogre
 10438 | D:9      | Found a staircase to the Orcish Mines.
 10607 | D:9      | Found an ancient bone altar of Kikubaaqudgha.
 10746 | D:10     | Entered Level 10 of the Dungeon
 10867 | D:10     | Found a white marble altar of Elyvilon.
 10883 | D:10     | Reached skill level 10 in Ranged Weapons
 11054 | D:10     | Found a flagged portal.
 11063 | Bailey   | Entered a bailey
 11142 | Bailey   | Reached skill level 1 in Shields
 11146 | Bailey   | Reached XP level 12. HP: 38/91 MP: 3/19
 11310 | Bailey   | Reached *** piety under Dithmenos
 11430 | Bailey   | Learned a level 2 spell: Wereblood
 11529 | Bailey   | Noticed Prince Ribbit
 11532 | Bailey   | Noticed a vault guard
 11535 | Bailey   | Killed Prince Ribbit
 11541 | Bailey   | Killed a vault guard
 11542 | Bailey   | Reached skill level 5 in Invocations
 11668 | Bailey   | Noticed a vault guard
 11679 | Bailey   | Killed a vault guard
 11945 | D:10     | Noticed a two-headed ogre
 11950 | D:10     | Killed a two-headed ogre
 12058 | D:10     | Found a shimmering altar of Xom.
 12225 | D:10     | Found a bloodstained altar of Trog.
 12652 | D:11     | Noticed a two-headed ogre
 12656 | D:11     | Killed a two-headed ogre
 12851 | D:11     | Reached **** piety under Dithmenos
 12852 | D:11     | Reached skill level 5 in Shields
 13754 | D:12     | Noticed Urug
 13760 | D:12     | Hit by a javelin thrown by Urug

Illustrated notes

Levels and vault maps discovered:
D:1:      shiori_arrival_maze, layout_basic, reono_crystal_passage,
          minmay_misc_feat_cross
D:2:      layout_basic, serial_forest, infiniplex_forest_clump_long,
          infiniplex_forest_clump_double, infiniplex_forest_clump_small,
          infiniplex_forest_lined_3, infiniplex_forest_corner_2
D:3:      layout_basic, zin_statuary, grunt_temple_overflow_open
D:4:      layout_basic, bloody_makhleb, uniq_eustachio
D:5:      layout_layer_cave
D:6:      minmay_chambers_of_sixes, layout_basic,
          minmay_temple_entry_proselytizer
D:7:      layout_loops_ring, lemuel_tele_altar,
          chequers_temple_overflow_minitemple, hangedman_misty_isle
D:8:      layout_basic, overflow_temple_1_default, amcnicky_altar_gilded,
          erik_lair_orcish_takeover, hellmonk_guarded_unrand_night
D:9:      layout_rooms, kiku_gazebo_pond_becter, hiddenorc1_lemuel,
          serial_corexii_hall, corexii_hall_statues_s,
          chequers_hall_statues_corner_a
D:10:     layout_roguey, mainiacjoe_overflow_24_doors,
          mainiacjoe_overflow_alcove_1, mainiacjoe_overflow_cross_hatched,
          enter_bailey_2, glass_columns_b
D:11:     layout_irregular_city, serial_bayou, serial_bayou_pond_a,
          serial_bayou_shore_a, serial_bayou_crossing, serial_bayou_lagoon_a
D:12:     layout_irregular_city, gammafunk_ghost_nasty_kobolds, uniq_urug,
          uniq_psyche, uniq_kirke
Temple:   nicolae_temple_superstar

Skill      XL: |  1  2  3  4  5  6  7  8  9 10 11 12 |
---------------+-------------------------------------+-----
Fire Magic     | 1 2 3 |  3.0
Hexes          | 4 5 6 7 8 10 11 | 11.1
Fighting       | 2 3 4 5 6 7 8 |  8.7
Ranged Weapons | 3 4 5 6 8 10 11 | 11.6
Spellcasting   | 2 3 4 5 |  5.0
Armour         | 1 2 4 5 |  5.0
Summonings     | 1 2 3 |  3.0
Translocations | 1 3 |  3.0
Dodging        | 3 4 |  4.0
Invocations    | 4 6 |  6.5
Shields        | 1 5 |  5.2

Action                   |  1- 3 |  4- 6 |  7- 9 | 10-12 || total
-------------------------+-------+-------+-------+-------++-------
 Fire: Sling             |   122 |    91 |   140 |       ||   353
       Arbalest          |       |       |    91 |   425 ||   516
Throw: Dart              |       |     5 |     4 |       ||     9
 Cast: Slow              |       |     7 |    14 |     1 ||    22
       Inner Flame       |       |     1 |    14 |    28 ||    43
       Summon Guardian G |       |       |     4 |    17 ||    21
       Cause Fear        |       |       |     2 |     3 ||     5
       Portal Projectile |       |       |       |    15 ||    15
       Summon Mana Viper |       |       |       |    20 ||    20
 Abil: Dig               |       |       |     1 |     1 ||     2
Evoke: Wand              |       |       |     1 |       ||     1
  Use: Scroll            |       |     4 |     3 |     7 ||    14
       Potion            |       |       |     1 |     1 ||     2
Armor: Robe              |    21 |     9 |     1 |       ||    31
       Leather armour    |       |       |    62 |   130 ||   192
Dodge: Dodged            |    29 |    27 |   125 |   296 ||   477

Table legend: (Time is in decaauts)
 A = Elapsed time spent in this place.
 B = Non-inter-level travel time spent in this place.
 C = Inter-level travel time spent in this place.
 D = Time resting spent in this place.
 E = Time spent auto-exploring this place.
 F = Levels seen in this place.
 G = Mean time per level.
                   A        B        C        D        E       F      G
               +--------+--------+--------+--------+--------+-----+--------+
         Total |  14133 |  13810 |    323 |   3073 |   8241 |  14 | 1009.5 |
       Dungeon |  13255 |  12937 |    318 |   2624 |   8038 |  12 | 1104.6 |
        Temple |    119 |    114 |      5 |      0 |    106 |   1 |  119.0 |
        Bailey |    757 |    757 |      0 |    449 |     96 |   1 |  757.0 |
               +--------+--------+--------+--------+--------+-----+--------+

Top non-repeatable levels by time:
     D:8: 2580 daAuts
     D:5: 1773 daAuts
    D:11: 1460 daAuts
     D:6: 1444 daAuts
     D:2: 1112 daAuts
     D:1: 1030 daAuts
     D:7: 968 daAuts
    D:10: 874 daAuts
     D:4: 784 daAuts
  Bailey: 757 daAuts
     D:3: 708 daAuts
     D:9: 498 daAuts
  Temple: 119 daAuts
    D:12: 19 daAuts
